 Dungeon Crawl Stone Soup version 0.31-a0-175-g9f7f995f2b (webtiles) character file.

Game seed: 18127834043663921373

5536 qw the Cleaver (level 10, -3/64 HPs)
             Began as a Gargoyle Fighter on June 17, 2023.
             Was a Believer of Okawaru.
             Killed from afar by an acid dragon (16 damage)
             ... with a splash of acid
             ... on level 8 of the Dungeon.
             The game lasted 00:03:51 (6933 turns).

qw the Cleaver (Gargoyle Fighter)                   Turns: 6933, Time: 00:03:51

Health: -3/64      AC: 26    Str: 24    XL:     10   Next: 71%
Magic:  13/13      EV:  9    Int:  9    God:    Okawaru [**....]
Gold:   158        SH:  6    Dex:  9    Spells: 9/9 levels left

rFire   . . .        n - +2 war axe
rCold   + . .        c - +0 buckler
rNeg    + . .        h - +0 plate armour
rPois   inf          g - +1 hat
rElec   +            b - +0 cloak
rCorr   .            o - +0 pair of gloves
SInv    .            (no boots)
Will    +....        (no amulet) Stlth
                     v - ring of protection from cold
HPRegen 0.30/turn    t - ring of willpower
MPRegen 0.13/turn

%: no passive effects
@: about to teleport, heroic
A: sickness immunity, AC +7, negative energy resistance 1, electricity
resistance, torment resistance 1, petrification resistance
a: Renounce Religion, Heroism


You were on level 8 of the Dungeon.
You worshipped Okawaru.
Okawaru was pleased with you.
You visited 2 branches of the dungeon, and saw 9 of its levels.

You collected 379 gold pieces.
You spent 221 gold pieces at shops.


Innate Abilities, Weirdness & Mutations

You are immune to sickness and miasma.
Your stone body is resilient. (AC +7)
You are immune to poison.
You resist negative energy. (rN+)
You are resistant to electric shocks. (rElec)
You are resistant to unholy torment.
You are immune to petrification.


   Skills:
 - Level 8.3(13.3) Fighting
 + Level 10.0(15.0) Axes
 - Level 2.2(7.2) Throwing
 - Level 7.2(12.2) Armour
 - Level 1.0(6.0) Dodging
 - Level 6.1(11.1) Shields
 - Level 4.2 Invocations


You had 9 spell levels left.
You didn't know any spells.
Your spell library was empty.

Inventory:

Hand Weapons
 f - a +1 mace of holy wrath
 n - a +2 war axe (weapon)
 p - a +0 flail
Missiles
 r - 2 boomerangs (quivered)
Armour
 b - a +0 cloak (worn)
 c - a +0 buckler (worn)
 g - a +1 hat (worn)
 h - a +0 plate armour (worn)
 o - a +0 pair of gloves (worn)
 s - a +1 chain mail of fire resistance
Jewellery
 t - a ring of willpower (right hand)
 v - a ring of protection from cold (left hand)
 Y - a ring of positive energy
Scrolls
 a - a scroll of identify
 k - 4 scrolls of teleportation
 x - a scroll of acquirement {unknown}
Potions
 d - 2 potions of might
 e - 4 potions of attraction
 i - 2 potions of mutation
 j - a potion of haste
 l - 8 potions of curing
 m - a potion of enlightenment
 q - a potion of magic
 u - a potion of resistance {unknown}
 w - a potion of lignification {unknown}

Dungeon Overview and Level Annotations

Branches:
Dungeon (8/15)             Temple (1/1) D:4
   Lair: D:8-11

Altars:
Ashenzari
Dithmenos
Elyvilon
Fedhas
Hepliaklqana
Kikubaaqudgha
Makhleb
Nemelex Xobeh
Okawaru
Qazlal
Sif Muna
Trog
Vehumet
Wu Jian
Xom
The Shining One

Shops:
D:4 (   D:7 =(![

Annotations:
D:3 2 transporters, qw's ghost, amateur GrFi
D:4 3 runed translucent doors, qw's ghost, amateur GrFi; qw's ghost, amateur GrHu; qw's ghost, novice NaHu


Message History

You block the orange demon's attack.
Items here: % )) [.
Enter note:
Enter note: You slice the orange demon!!
The orange demon is heavily wounded.
You slash the gnoll! The gnoll hits you but does no damage.
You closely miss the gnoll.
The gnoll is severely wounded.
You slash the orange demon! You block the orange demon's attack.
The orange demon barely misses you.
You hit the orange demon but do no damage.
The orange demon is severely wounded.
You slash the gnoll!
You kill the gnoll!
Okawaru accepts your kill.
Your surroundings suddenly seem different.
A wyvern, a white imp and an acid dragon come into view.
The wyvern hisses angrily.
The white imp shouts, "Bolt, thou bootless fool-born flap-bat!"
The acid dragon roars!
Enter note:
Enter note:
6931 ||| READING 5 scrolls of teleportation.
As you read the scroll of teleportation, it crumbles to dust.
You feel strangely unstable.
The white imp hits you but does no damage.
You slash the acid dragon!
The acid dragon is heavily wounded.
You hit the white imp but do no damage.
You hit the acid dragon but do no damage.
The acid dragon is heavily wounded.
You slash the wyvern! You hit the white imp.
The wyvern bites you but does no damage.
The white imp gestures at you. You block the puff of frost.
The acid dragon spits acid at you. The splash of acid hits you!
You die...

..#
#............
................
..#............
##...#.....##...
#......##### ###
###......#
.........#
#.......#
#...D@.#
#....5l.....#
#......####..
#..~~~..
#.~..~~~.
#..~~~~.~~
#####~~~~~.
7.~.7~..


You could see a wyvern, an acid dragon (catching breath) and a white imp.

Vanquished Creatures
  Amaemon (D:8)
  Pikel (D:5)
  Maggie (D:8)
  Psyche (D:8)
  Prince Ribbit (D:7)
  A hornet (D:5)
  Grinder (D:6)
  6 yaks (D:7)
  An acid dragon (D:5)
  2 water moccasins (D:5)
  An orc warrior (D:8)
  2 ice beasts
  An ogre (D:7)
  A centaur (D:5)
  2 phantoms (D:6)
  4 kobold brigands
  4 scorpions
  5 wights (D:6)
  A howler monkey (D:8)
  2 hounds
  5 orc priests
  2 jellies
  3 gnoll boudas
  An iguana (D:4)
  2 sleepcaps (D:6)
  3 orc wizards
  16 gnolls
  5 adders
  A shadow imp (D:6)
  2 white imps (D:7)
  An ufetubus (D:5)
  3 dart slugs
  25 orcs
  5 endoplasms
  5 giant cockroaches
  7 goblins
  9 hobgoblins
  6 jackals
  4 quokkas
  8 ball pythons
  7 bats
  2 frilled lizards (D:2)
  27 kobolds
  2 rats (D:1)
190 creatures vanquished.

Notes
Turn   | Place    | Note
-------+----------+-------------------------------------------
     0 | D:1      | qw the Gargoyle Fighter began the quest for the Orb.
     0 | D:1      | Reached XP level 1. HP: 14/14 MP: 1/1
     0 | D:1      | 0 ||| qw: Version: 0.3-a-2-g5ab2908
     0 | D:1      | 0 ||| qw: Game counter: 226
     0 | D:1      | 0 ||| qw: Always use a shield: true
     0 | D:1      | 0 ||| qw: God list: Okawaru
     0 | D:1      | 0 ||| qw: Allow faded altars: false
     0 | D:1      | 0 ||| qw: Do Orc after D:15 true
     0 | D:1      | 0 ||| qw: Do second Lair branch before Depths: true
     0 | D:1      | 0 ||| qw: Lair rune preference: random
     0 | D:1      | 0 ||| qw: Plans: Normal, Zot:1-4, Slime:5, God:TSO, Crypt,
                  | Tomb, Abyss, Pan, Hells, Win
     0 | D:1      | 0 ||| PLANNING D:1-11
    83 | D:1      | Reached skill level 2 in Axes
   239 | D:1      | 239 ||| Stepping ~*~*~tactically~*~*~ (stealth).
   249 | D:1      | Reached XP level 2. HP: 19/19 MP: 2/2
   405 | D:1      | HP: 4/19 [gnoll/+0 whip (2)]
   407 | D:1      | Reached skill level 3 in Axes
   407 | D:1      | Reached XP level 3. HP: 5/23 MP: 3/3
   484 | D:1      | 484 ||| DROPPING +0 club.
   992 | D:1      | 992 ||| READING 2 scrolls labelled SAUNGAUMYL.
   993 | D:1      | 993 ||| READING scroll labelled VUDAB KYEHISYI.
   998 | D:1      | 998 ||| READING 2 scrolls labelled DAF XEZEAXAT.
   999 | D:1      | 999 ||| READING scroll labelled PAD COB JOMM.
  1000 | D:1      | 1000 ||| READING scroll labelled YRORUZ PEOV.
  1001 | D:1      | 1001 ||| DROPPING scroll of revelation.
  1067 | D:2      | You fall into a shaft and drop 1 floor!
  1075 | D:3      | Found a transporter.
  1085 | D:2      | 1085 ||| Stepping ~*~*~tactically~*~*~ (stealth).
  1100 | D:2      | 1100 ||| Stepping ~*~*~tactically~*~*~ (stealth).
  1155 | D:2      | Identified the +8 sling "Aqobb" {flame, rC+ rCorr}
  1194 | D:2      | 1194 ||| Stepping ~*~*~tactically~*~*~ (hiding).
  1315 | D:2      | 1315 ||| Stepping ~*~*~tactically~*~*~ (stealth).
  1353 | D:2      | Reached XP level 4. HP: 27/28 MP: 4/4
  1379 | D:2      | 1379 ||| DROPPING +0 whip.
  1409 | D:2      | 1409 ||| Stepping ~*~*~tactically~*~*~ (stealth).
  1410 | D:2      | 1410 ||| Stepping ~*~*~tactically~*~*~ (stealth).
  1411 | D:2      | 1411 ||| Stepping ~*~*~tactically~*~*~ (stealth).
  1412 | D:2      | 1412 ||| Stepping ~*~*~tactically~*~*~ (stealth).
  1413 | D:2      | 1413 ||| Stepping ~*~*~tactically~*~*~ (stealth).
  1563 | D:2      | 1563 ||| DROPPING amulet of magic regeneration.
  1564 | D:2      | 1564 ||| DROPPING ring of flight.
  1565 | D:2      | 1565 ||| READING scroll labelled XURIAMIVVU.
  1566 | D:2      | 1566 ||| DRINKING 2 fuming ruby potions.
  1567 | D:2      | 1567 ||| READING 4 scrolls of identify.
  1567 | D:2      | 1567 ||| IDENTIFYING sapphire potion
  1568 | D:2      | 1568 ||| READING 3 scrolls of identify.
  1568 | D:2      | 1568 ||| IDENTIFYING cyan potion
  1569 | D:2      | 1569 ||| READING 2 scrolls of identify.
  1569 | D:2      | 1569 ||| IDENTIFYING dark potion
  1570 | D:2      | 1570 ||| DROPPING potion of berserk rage.
  1571 | D:2      | 1571 ||| DROPPING potion of brilliance.
  1592 | D:3      | Reached skill level 4 in Axes
  1619 | D:3      | Found a transporter.
  1681 | D:3      | Noticed qw's ghost (amateur GrFi)
  1767 | D:3      | 1767 ||| Stepping ~*~*~tactically~*~*~ (stealth).
  1786 | D:3      | Reached XP level 5. HP: 26/32 MP: 5/5
  1940 | D:3      | 1940 ||| Stepping ~*~*~tactically~*~*~ (hiding).
  1946 | D:3      | 1946 ||| STAIRDANCE
  1948 | D:3      | 1948 ||| STAIRDANCE
  1950 | D:2      | 1950 ||| DRINKING potion of curing.
  1950 | D:2      | 1950 ||| (to cure confusion)
  2005 | D:2      | 2005 ||| UPGRADING to +0 plate armour.
  2015 | D:2      | 2015 ||| DROPPING +0 scale mail.
  2016 | D:2      | 2016 ||| READING scroll labelled GESIEF KUEBRI.
  2017 | D:2      | 2017 ||| READING scroll labelled ROIROG IMESTI.
  2018 | D:2      | 2018 ||| READING 2 scrolls of identify.
  2018 | D:2      | 2018 ||| IDENTIFYING metallic emerald potion
  2033 | D:3      | Reached skill level 5 in Axes
  2116 | D:3      | 2116 ||| Stepping ~*~*~tactically~*~*~ (hiding).
  2117 | D:3      | 2117 ||| Stepping ~*~*~tactically~*~*~ (hiding).
  2443 | D:4      | Reached XP level 6. HP: 29/39 MP: 6/6
  2512 | D:4      | Found a staircase to the Ecumenical Temple.
  2513 | D:4      | 2513 ||| PLANNING TEMPLE
  2513 | D:4      | 2513 ||| UPGRADING to +1 hat.
  2518 | D:4      | 2518 ||| READING 2 scrolls of identify.
  2518 | D:4      | 2518 ||| IDENTIFYING metallic red potion
  2519 | D:4      | 2519 ||| DROPPING potion of degeneration.
  2528 | Temple   | Entered the Ecumenical Temple
  2529 | Temple   | 2529 ||| PLANNING OKAWARU WORSHIP
  2544 | Temple   | Became a worshipper of Warmaster Okawaru
  2545 | Temple   | 2545 ||| PLANNING D:1-11
  2565 | D:4      | 2565 ||| Stepping ~*~*~tactically~*~*~ (stealth).
  2670 | D:4      | 2670 ||| Stepping ~*~*~tactically~*~*~ (stealth).
  2672 | D:4      | 2672 ||| Stepping ~*~*~tactically~*~*~ (hiding).
  2675 | D:4      | 2675 ||| Stepping ~*~*~tactically~*~*~ (hiding).
  2702 | D:4      | Reached skill level 6 in Axes
  2769 | D:4      | Found a runed translucent gate.
  2769 | D:4      | Found a runed translucent gate.
  2770 | D:4      | Found a runed translucent gate.
  2770 | D:4      | Noticed qw's ghost (novice NaHu)
  2770 | D:4      | Noticed qw's ghost (amateur GrHu)
  2771 | D:4      | Noticed qw's ghost (amateur GrFi)
  2771 | D:4      | Noticed qw's ghost (amateur GrHu)
  2790 | D:4      | Found Hisityeg's Weapon Shoppe.
  2800 | D:4      | 2800 ||| SHOPLISTING +11 flail of Terror {speed, rF++ rC+
                  | Dex-5 Stlth+} (893 gold, have 141).
  2981 | D:4      | Reached * piety under Okawaru
  2982 | D:4      | Reached XP level 7. HP: 44/44 MP: 7/7
  3038 | D:4      | 3038 ||| READING scroll of enchant weapon.
  3038 | D:4      | 3038 ||| ENCHANTING +1 war axe.
  3248 | D:4      | 3248 ||| DROPPING +0 mace.
  3381 | D:4      | 3381 ||| UPGRADING to +0 cloak.
  3386 | D:4      | 3386 ||| READING 2 scrolls of identify.
  3386 | D:4      | 3386 ||| IDENTIFYING viscous puce potion
  3395 | D:5      | Entered Level 5 of the Dungeon
  3397 | D:5      | 3397 ||| INVOKING Heroism.
  3463 | D:5      | Noticed Pikel
  3475 | D:5      | Killed Pikel
  3475 | D:5      | Reached ** piety under Okawaru
  3476 | D:5      | Reached skill level 7 in Axes
  3476 | D:5      | Reached XP level 8. HP: 39/48 MP: 8/8
  3575 | D:5      | 3575 ||| INVOKING Heroism.
  3587 | D:5      | 3587 ||| INVOKING Heroism.
  3589 | D:5      | Reached skill level 1 in Invocations
  3669 | D:5      | Found a blossoming altar of Fedhas.
  3670 | D:5      | 3670 ||| Stepping ~*~*~tactically~*~*~ (hiding).
  3674 | D:5      | 3674 ||| INVOKING Heroism.
  3866 | D:5      | Reached skill level 1 in Dodging
  3866 | D:5      | Reached skill level 3 in Invocations
  3907 | D:5      | Reached skill level 8 in Axes
  3940 | D:5      | 3940 ||| INVOKING Heroism.
  4039 | D:5      | Noticed a hornet
  4055 | D:5      | Killed a hornet
  4056 | D:5      | Reached skill level 6 in Fighting
  4147 | D:5      | 4147 ||| Stepping ~*~*~tactically~*~*~ (hiding).
  4160 | D:5      | Reached XP level 9. HP: 48/55 MP: 12/12
  4189 | D:5      | Found a radiant altar of Vehumet.
  4268 | D:5      | 4268 ||| READING scroll labelled PIEFIK NAANKOG.
  4299 | D:6      | 4299 ||| Stepping ~*~*~tactically~*~*~ (stealth).
  4301 | D:6      | 4301 ||| FLEEEEING.
  4303 | D:6      | 4303 ||| FLEEEEING.
  4304 | D:6      | 4304 ||| FLEEEEING.
  4305 | D:6      | 4305 ||| FLEEEEING.
  4306 | D:6      | 4306 ||| FLEEEEING.
  4307 | D:6      | 4307 ||| FLEEEEING.
  4308 | D:6      | 4308 ||| INVOKING Heroism.
  4396 | D:6      | Found Baorghi's Hydra Hut.
  4396 | D:6      | Noticed a four-headed hydra
  4441 | D:6      | Noticed Grinder
  4442 | D:6      | 4442 ||| Stepping ~*~*~tactically~*~*~ (stealth).
  4444 | D:6      | 4444 ||| INVOKING Heroism.
  4446 | D:6      | Killed Grinder
  4461 | D:6      | 4461 ||| Stepping ~*~*~tactically~*~*~ (stealth).
  4522 | D:6      | 4522 ||| Stepping ~*~*~tactically~*~*~ (stealth).
  4687 | D:6      | Reached skill level 9 in Axes
  4722 | D:6      | 4722 ||| Stepping ~*~*~tactically~*~*~ (hiding).
  4739 | D:6      | 4739 ||| INVOKING Heroism.
  4894 | D:6      | 4894 ||| INVOKING Heroism.
  5279 | D:6      | 5279 ||| UPGRADING to +0 pair of gloves.
  5284 | D:6      | 5284 ||| DROPPING ring of wizardry.
  5285 | D:6      | 5285 ||| UPGRADING to ring of positive energy.
  5286 | D:6      | 5286 ||| READING 2 scrolls of identify.
  5286 | D:6      | 5286 ||| IDENTIFYING white potion
  5321 | D:7      | Found Yreikk's Distillery.
  5330 | D:7      | 5330 ||| BUYING 3 potions of curing (117 gold).
  5330 | D:7      | Bought 3 potions of curing for 117 gold pieces
  5330 | D:7      | 5330 ||| BUYING potion of curing (39 gold).
  5330 | D:7      | Bought a potion of curing for 39 gold pieces
  5330 | D:7      | 5330 ||| BUYING potion of enlightenment (65 gold).
  5330 | D:7      | Bought a potion of enlightenment for 65 gold pieces
  5330 | D:7      | 5330 ||| SHOPLISTING potion of haste (130 gold, have 14).
  5330 | D:7      | 5330 ||| SHOPLISTING potion of lignification (39 gold, have
                  | 14).
  5367 | D:7      | 5367 ||| Stepping ~*~*~tactically~*~*~ (hiding).
  5369 | D:7      | 5369 ||| Stepping ~*~*~tactically~*~*~ (hiding).
  5370 | D:7      | 5370 ||| Stepping ~*~*~tactically~*~*~ (hiding).
  5371 | D:7      | 5371 ||| Stepping ~*~*~tactically~*~*~ (hiding).
  5372 | D:7      | 5372 ||| Stepping ~*~*~tactically~*~*~ (hiding).
  5375 | D:7      | 5375 ||| INVOKING Heroism.
  5401 | D:7      | Found Cosoher's Antique Armour Shoppe.
  5406 | D:7      | 5406 ||| SHOPLISTING runed scarf (200 gold, have 14).
  5406 | D:7      | 5406 ||| SHOPLISTING shiny helmet (187 gold, have 14).
  5406 | D:7      | 5406 ||| SHOPLISTING shiny storm dragon scales (2075 gold,
                  | have 14).
  5498 | D:7      | Noticed Prince Ribbit
  5499 | D:7      | 5499 ||| INVOKING Heroism.
  5518 | D:7      | 5518 ||| INVOKING Heroism.
  5523 | D:7      | Killed Prince Ribbit
  5663 | D:7      | 5663 ||| INVOKING Heroism.
  5667 | D:7      | Reached skill level 6 in Armour
  5729 | D:7      | 5729 ||| Stepping ~*~*~tactically~*~*~ (stealth).
  5732 | D:7      | 5732 ||| Stepping ~*~*~tactically~*~*~ (stealth).
  5734 | D:7      | 5734 ||| INVOKING Heroism.
  5736 | D:7      | 5736 ||| Stepping ~*~*~tactically~*~*~ (hiding).
  5766 | D:7      | Found Wilil's Weapon Boutique.
  5773 | D:7      | Found Tadeefar's Jewellery Emporium.
  5781 | D:7      | 5781 ||| SHOPLISTING amulet "Raemp" {Acrobat Str+3 Dex+3
                  | SInv Stlth-} (628 gold, have 31).
  5781 | D:7      | 5781 ||| SHOPLISTING amulet of faith (480 gold, have 31).
  5781 | D:7      | 5781 ||| SHOPLISTING amulet of the acrobat (360 gold, have
                  | 31).
  5781 | D:7      | 5781 ||| SHOPLISTING ring "Zudonod" {Wiz Int+4 Slay+6} (847
                  | gold, have 31).
  5781 | D:7      | 5781 ||| SHOPLISTING ring of fire (300 gold, have 31).
  5781 | D:7      | 5781 ||| SHOPLISTING ring of see invisible (180 gold, have
                  | 31).
  5781 | D:7      | 5781 ||| SHOPLISTING ring of willpower (300 gold, have 31).
  5783 | D:7      | 5783 ||| Stepping ~*~*~tactically~*~*~ (stealth).
  5795 | D:7      | Reached XP level 10. HP: 63/63 MP: 13/13
  5812 | D:7      | Reached skill level 10 in Axes
  5821 | D:7      | 5821 ||| Stepping ~*~*~tactically~*~*~ (stealth).
  5871 | D:7      | Found a shimmering blue altar of Sif Muna.
  5920 | D:7      | Found a blossoming altar of Fedhas.
  5927 | D:7      | 5927 ||| INVOKING Heroism.
  6089 | D:7      | Found a sparkling altar of Nemelex Xobeh.
  6136 | D:7      | Found a burning altar of Makhleb.
  6137 | D:7      | Found a stormy altar of Qazlal.
  6435 | D:7      | 6435 ||| UPGRADING to ring of willpower.
  6436 | D:7      | 6436 ||| UPGRADING to ring of protection from cold.
  6460 | D:8      | Noticed Psyche
  6461 | D:8      | 6461 ||| INVOKING Heroism.
  6479 | D:8      | Killed Psyche
  6506 | D:8      | 6506 ||| Stepping ~*~*~tactically~*~*~ (stealth).
  6511 | D:8      | 6511 ||| Stepping ~*~*~tactically~*~*~ (hiding).
  6515 | D:8      | 6515 ||| Stepping ~*~*~tactically~*~*~ (hiding).
  6516 | D:8      | 6516 ||| Stepping ~*~*~tactically~*~*~ (hiding).
  6518 | D:8      | 6518 ||| INVOKING Heroism.
  6555 | D:8      | 6555 ||| Stepping ~*~*~tactically~*~*~ (stealth).
  6569 | D:8      | Noticed Maggie
  6577 | D:8      | 6577 ||| INVOKING Heroism.
  6582 | D:8      | Killed Maggie
  6893 | D:8      | 6893 ||| INVOKING Heroism.
  6893 | D:8      | Noticed an orange demon
  6895 | D:8      | Noticed Amaemon
  6911 | D:8      | 6911 ||| INVOKING Heroism.
  6924 | D:8      | HP: 11/64 [orange demon[Amaemon] (6)]
  6925 | D:8      | 6925 ||| READING 6 scrolls of teleportation.
  6926 | D:8      | Killed Amaemon
  6927 | D:8      | Reached skill level 6 in Shields
  6931 | D:8      | 6931 ||| READING 5 scrolls of teleportation.
  6933 | D:8      | Killed from afar by an acid dragon

Levels and vault maps discovered:
D:1:      wheals_arrival_linesprint, layout_basic, nicolae_grassy_gnolls
D:2:      layout_basic, minmay_tetromino_i4
D:3:      layout_rooms, gammafunk_ghost_arena, kennysheep_small_spiral
D:4:      layout_cave_pods, temple_fountains, serial_shops,
          nicolae_shop_just_a_little_nook, gammafunk_ghost_cemetery
D:5:      layout_loops_ring, hangedman_feature_mirror, minmay_misc_feat_alley,
          chequers_serial_rivers_marsh, uniq_pikel
D:6:      layout_loops_ring, doesnt_shop_hydraphobe, uniq_grinder
D:7:      layout_basic, mainiacjoe_overflow_catch_the_wave,
          mainiacjoe_overflow_divided_tiny, mainiacjoe_overflow_alcove_4,
          serial_shops, shop, nicolae_stop_n_shop_2, minivault_22,
          roderic_lattice_a, nicolae_wooded_promenade, uniq_prince_ribbit1
D:8:      layout_rooms, chequers_serial_rivers_marsh, uniq_psyche, uniq_maggie,
          uniq_amaemon
Temple:   minmay_freezing_vapour_temple

Skill      XL: |  1  2  3  4  5  6  7  8  9 10 |
---------------+-------------------------------+-----
Axes           | 2 3 4 5 6 7 8 9 10 | 10.0
Fighting       | 4 6 7 8 |  8.3
Armour         | 4 6 7 |  7.2
Invocations    | 4 |  4.2
Dodging        | 1 |  1.0
Shields        | 4 6 |  6.1
Throwing       | 2 |  2.2

Action                     |  1- 3 |  4- 6 |  7- 9 | 10-12 || total
---------------------------+-------+-------+-------+-------++-------
  Melee: War axe           |   101 |   133 |   255 |   110 ||   599
  Throw: Boomerang         |       |    38 |    16 |    59 ||   113
 Invoke: Heroism           |       |       |    14 |     6 ||    20
    Use: Scroll            |     5 |     8 |     4 |     2 ||    19
         Potion            |       |     2 |       |       ||     2
   Stab: Distracted        |     1 |       |       |       ||     1
 Armour: Scale mail        |    52 |    43 |       |       ||    95
         Plate armour      |       |    48 |   171 |    89 ||   308
  Dodge: Dodged            |    36 |    37 |    78 |    37 ||   188
  Block: Buckler           |    15 |    28 |    53 |    39 ||   135

Table legend:
 A = Non-vault XP
 B = Vault XP
 C = Vault XP percentage of total XP
 D = Non-vault monster count
 E = Vault monster count
 F = Vault count percentage of total count
                 A         B        C        D         E       F
            +---------+---------+-------+---------+---------+-------
      Total |    4904 |    3005 |  38.0 |     178 |      12 |   6.3
            +---------+---------+-------+---------+---------+-------
        D:1 |      38 |      14 |  26.9 |      23 |       1 |   4.2
        D:2 |      79 |       5 |   6.0 |      18 |       3 |  14.3
        D:3 |     125 |       0 |   0.0 |      15 |       0 |   0.0
        D:4 |     403 |       0 |   0.0 |      29 |       0 |   0.0
        D:5 |     934 |     878 |  48.5 |      19 |       3 |  13.6
        D:6 |     993 |     262 |  20.9 |      24 |       1 |   4.0
        D:7 |    1646 |     283 |  14.7 |      22 |       1 |   4.3
        D:8 |     686 |    1563 |  69.5 |      28 |       3 |   9.7
            +---------+---------+-------+---------+---------+-------
